 Dungeon Crawl Stone Soup version 0.16-a0-1083-g6a3eec8 (webtiles) character file.

46 Bloax the Ruffian (level 3, 0/30 HPs)
             Began as a Minotaur Transmuter on Oct 5, 2014.
             Slain by a jackal (2 damage)
             ... on level 2 of the Dungeon.
             The game lasted 00:02:31 (1402 turns).

Bloax the Ruffian (Minotaur Transmuter)             Turns: 1402, Time: 00:02:32

HP   0/30        AC  2     Str 15      XL: 3   Next: 44%
MP   3/3         EV 12     Int 10      God:
Gold 88          SH  0     Dex 10      Spells:  1 memorised,  3 levels left

rFire  . . .     SeeInvis .       - Unarmed
rCold  . . .     Clarity  .     c - +0 robe
rNeg   . . .     rCorr    .     (no shield)
rPois  .         rRot     .     (helmet restricted)
rElec  .         Spirit   .     (no cloak)
SustAb .         Warding  .     (no gloves)
rMut   .         Stasis   .     (no boots)
Gourm  .                        (no amulet)
MR     .....                    (no ring)
                                (no ring)

@: not resistant to hostile enchantments, very unstealthy
A: retaliatory headbutt, horns 2
a: no special abilities


You were on level 2 of the Dungeon.
You were not hungry.

You visited 1 branch of the dungeon, and saw 2 of its levels.

You collected 88 gold pieces.


Innate Abilities, Weirdness & Mutations

You reflexively headbutt those who attack you in melee.
You have a pair of horns on your head.


   Skills:
 + Level 2.8 Fighting
 - Level 2.1 Dodging
 + Level 4.3 Unarmed Combat
 - Level 1.3 Spellcasting
 - Level 1.5 Transmutations


You had 3 spell levels left.
You knew the following spells:

 Your Spells              Type           Power        Failure   Level  Hunger
a - Beastly Appendage     Trmt           #.....       21%         1    ##.....


Dungeon Overview and Level Annotations

Branches:
Dungeon (2/15)

Altars:

Inventory:

Missiles
 b - 12 arrows
Armour
 c - a +0 robe (worn)
 e - a +0 pair of gloves
   (You found it on level 1 of the Dungeon)
Comestibles
 a - 2 bread rations
 f - a meat ration
 g - a slice of pizza
Scrolls
 i - 2 scrolls of identify {unknown}
 j - a scroll of blinking {unknown}
 k - a scroll of teleportation {unknown}
Potions
 h - a potion of curing {unknown}
 l - a potion of restore abilities {unknown}
Books
 d - a book of Changes

   Spells                             Type                      Level
   *Beastly Appendage                 Transmutation                1
   Sticks to Snakes                   Transmutation                2
   Spider Form                        Transmutation/Poison         3
   Ice Form                           Ice/Transmutation            4
   Blade Hands                        Transmutation                5

#.>.##%## ..~~~ #....%)# .
##.....### .
###.....####....
#####..#......... #####
..........##########...####.
#####.#...##### #..........
###.#.......####.......#
.....###.###.@..%.....#
.........##.h.####.####
.#######....#.# ##.##
#....##.# #...######
#......#w###).........
#...####....#.).####### ####
#.......# ##......# #.#..#.#


You could see a worm and a jackal.


Message History

Things that are here:
a dagger; a goblin corpse Autopickup is now off.
You see here a bread ration.
Eat a bread ration? (ye/n/q/i?)
You finish eating.
That bread ration really hit the spot!
Autopickup is now on.
You start resting.
A jackal comes into view.
A jackal is nearby!
A jackal is nearby!
A jackal is nearby!
A jackal is nearby!
A jackal is nearby!
A jackal is nearby!
A jackal is nearby!
The jackal barks!
You hit the jackal.
You kill the jackal!
No target in view!
No target in view!
No target in view!
No target in view!
No target in view!
No target in view!
No target in view!
No target in view!
No target in view!
You see here a jackal corpse.
No target in view! 2 jackals come into view.
The jackal barks!
The jackal moves out of view.
A worm comes into view.
There are monsters nearby!
The jackal bites you.
* * * LOW HITPOINT WARNING * * *
The jackal misses you.
You barely miss the jackal. The jackal barely misses you. The jackal bites you.
* * * LOW HITPOINT WARNING * * *
You hit the jackal.
The jackal is lightly wounded.
The jackal barely misses you.
The jackal bites you but does no damage.
You closely miss the jackal.
You headbutt the jackal, but do no damage.
The jackal is lightly wounded.
The jackal bites you.
* * * LOW HITPOINT WARNING * * *
The jackal completely misses you. The jackal bites you.
* * * LOW HITPOINT WARNING * * *
You hit the jackal.
The jackal is moderately wounded.
The jackal bites you.
* * * LOW HITPOINT WARNING * * *
The jackal closely misses you.
You closely miss the jackal.
The jackal is moderately wounded.
The jackal bites you.
* * * LOW HITPOINT WARNING * * *
The jackal barely misses you. x2
You furiously retaliate!
You headbutt the jackal.
You kill the jackal!
You hit the jackal but do no damage.
You headbutt the jackal, but do no damage.
The jackal barely misses you. The jackal closely misses you.
You hit the jackal.
The jackal is heavily wounded.
The jackal bites you.
You die...

Action                   || total
-------------------------++-------
Melee: Unarmed           ||   100
  Eat: Bread ration      ||     1
       Chunk             ||     1

Vault maps used:
D:1:      eino_arrival_druids_welcome, serial_curves, eino_curves_02,
          eino_curves_03
D:2:      first_bread, serial_bayou, serial_bayou_shore_b, serial_bayou_pond_d,
          serial_bayou_shore_a, serial_bayou_pond_b, grunt_ministairs_5,
          minivault_14, minmay_door_square

Notes
Turn   | Place    | Note
--------------------------------------------------------------
     0 | D:1      | Bloax, the Minotaur Transmuter, began the quest for the Orb.
     0 | D:1      | Reached XP level 1. HP: 16/16 MP: 2/2
   113 | D:1      | HP: 3/16 [jackal (2)]
   115 | D:1      | Reached XP level 2. HP: 2/24 MP: 2/2
   638 | D:1      | Reached skill level 2 in Fighting
   682 | D:1      | Reached skill level 4 in Unarmed Combat
  1256 | D:1      | Reached XP level 3. HP: 30/30 MP: 3/3
  1356 | D:2      | HP: 7/30 [hobgoblin/club (5)]
  1398 | D:2      | HP: 6/30 [jackal (2)]
  1400 | D:2      | HP: 2/30 [jackal (2)]
  1402 | D:2      | Slain by a jackal

Vanquished Creatures
  A giant gecko (D:1)
  An ooze (D:1)
  3 goblins
  4 hobgoblins
  A quokka (D:2)
  3 ball pythons (D:1)
  5 bats
  A giant newt (D:1)
  14 jackals
  5 kobolds
  A rat (D:1)
39 creatures vanquished.
